[Event "WR Chess Masters Cup 2024"]
[Site "London"]
[Date "2024.10.15"]
[Round "2.2"]
[White "Anand, Viswanathan"]
[Black "Praggnanandhaa R"]
[Result "1/2-1/2"]
[ECO "C01"]
[WhiteElo "2751"]
[BlackElo "2746"]
[Annotator "TA"]
[PlyCount "96"]
[EventDate "2024.10.12"]
[EventType "k.o."]
[EventCountry "ENG"]
[SourceTitle "playchess.com"]
[Source "ChessBase"]
[SourceQuality "1"]
[TimeControl "30/3600:20/1800:1800"]

1. e4 e6 2. d4 d5 3. exd5 exd5 4. Nf3 Nc6 5. Bd3 Nb4 6. Bb5+ c6 7. Ba4 a5 8. a3 {[%emt 0:02:44] The position is equal.} Na6 9. c3 Bd6 10. O-O Ne7 11. Bc2 Bf5 12. Bxf5 Nxf5 13. Re1+ Ne7 14. b3 O-O 15. c4 h6 16. Nc3 Ng6 17. Qd3 Nc7 18. g3 Re8 19. Bd2 Rxe1+ 20. Bxe1 Be7 21. Bd2 Bf6 22. Re1 Nf8 23. Ne2 Nfe6 24. c5 a4 25. b4 Nb5 26. Bc1 b6 27. Be3 bxc5 28. bxc5 Ng5 29. Nxg5 Bxg5 30. Bxg5 hxg5 31. Rb1 (31. Nc3 $1 $11 {keeps the balance.} Nxa3 32. Ra1) 31... Qe8 {[%emt 0:30:00][%cal Ob5a3] Threatens to win with ...Nxa3!} 32. Rb2 g6 33. Kg2 Kg7 34. Ra2 (34. h3 $15) 34... Qe6 $17 35. Nc3 Nxc3 36. Qxc3 $19 {[%emt 0:00:00][%mdl 4096] Endgame. KQR-KQR} Qe4+ 37. f3 Qb1 38. Re2 Rb8 {[%emt 0:00:00] Hoping for ...Rb3.} 39. Qd2 {[%emt 0:00:00] [#]} Qf5 $1 40. Re5 {[%emt 0:00:00] [#]} Qf6 41. Rxg5 Rb3 42. f4 Rxa3 43. Re5 Rb3 44. Qa2 Rb4 45. Qd2 Rb3 46. Qa2 $1 Rb4 47. Qd2 $1 Rc4 ({Black should try} 47... Rb5 $17 {Strongly threatening ...Qd8.} 48. Qa2 Rb4) 48. Qd3 ({Better is} 48. Qb2 $11) 48... Rb4 {[%emt 0:00:00] Weighted Error Value: White=0.10 (very precise) /Black=0.12 (very precise) .  Mistake:       	White=3     	Black=2      Inaccurate:     	White=1     	Black=1      OK:         	White=16    	Black=15     Best:        	White=4     	Black=4      Strong:       	White=2     	Black=1} (48... Qd8 $1 $15 49. Qe2 a3 (49... Rxd4 50. Qb2 $11)) 1/2-1/2